Map: [ESL] Royal Blood

Players

RagnaroK (SHIN) - Winner!

  • Race: Zerg Zerg

Cure

  • Race: Terran Terran

Event: IEM Katowice 2023

VOD

Have the link to the VOD?

Description

Time

  • Played on: Feb. 10, 2023, 9:12 a.m.
  • Length: 19:19

All games in this series

Show
View Real Time Build Order
Export as new Build Order

RagnaroK Zerg - Winner!

Build Orders: Hatch First 

Get SALT Encoding   

  12  0:00  Drone  
  13  0:12  Overlord  
  13  0:17  Drone  
  14  0:31  Drone x2  
  16  0:47  Hatchery  
  15  0:51  Drone  
  15  0:54  Drone  
  17  0:57  Drone  
  18  1:09  Extractor  
  17  1:13  Spawning Pool  
  17  1:15  Drone  
  17  1:19  Drone  
  18  1:28  Drone  
  19  1:39  Drone  
  20  1:49  Drone  
  21  1:59  Overlord  
  21  2:00  Drone, Queen x2  
  26  2:10  Drone  
  26  2:11  Drone  
  26  2:13  Metabolic Boost  
  28  2:20  Drone  
  28  2:21  Drone  
  30  2:31  Hatchery  
  30  2:33  Drone  
  30  2:36  Drone  
  31  2:42  Queen  
  33  2:45  Overlord  
  33  2:48  Zergling x2  
  34  2:53  Zergling x2  
  34  2:54  Zergling x2  
  36  3:03  Queen  
  38  3:06  Drone x2  
  38  3:10  Zergling x4  
  38  3:11  Zergling x2  
  43  3:14  Overlord  
  43  3:19  Hatchery  
  43  3:20  Overlord  
  43  3:25  Drone  
  43  3:31  Drone  
  44  3:36  Drone  
  44  3:39  Queen  
  44  3:40  Drone  
  47  3:44  Drone x2  
  47  3:45  Drone  
  47  3:47  Drone  
  51  3:52  Drone x4  
  51  3:53  Queen  
  57  4:00  Overlord  
  57  4:05  Drone  
  58  4:13  Zergling x2  
  58  4:16  Overlord  
  59  4:18  Queen  
  59  4:20  Baneling Nest  
  59  4:21  Zergling x10  
  59  4:23  Zergling x4  
  67  4:30  Queen  
  69  4:32  Drone x2  
  69  4:35  Drone  
  72  4:40  Queen  
  72  4:41  Drone  
  72  4:43  Overlord  
  75  4:45  Drone  
  75  4:48  Overlord  
  75  4:49  Overlord  
  75  4:51  Overlord  
  75  4:55  Overlord  
  75  4:59  Lair  
  75  5:01  Extractor  
  75  5:03  Zergling x6  
  75  5:06  Zergling x6  
  80  5:10  Drone x3  
  82  5:15  Drone x2  
  82  5:17  Drone  
  82  5:20  Zergling x8  
  88  5:30  Overlord, Zergling x10  
  88  5:35  Baneling x4  
  93  5:38  Extractor, Zergling x4  
  93  5:40  Extractor  
  93  5:41  Zergling x6  
  96  5:43  Zergling x2  
  96  5:47  Zergling x4  
  95  5:51  Drone x3  
  91  5:58  Drone  
  91  6:00  Drone x3  
  91  6:02  Drone x2  
  95  6:04  Centrifugal Hooks  
  95  6:05  Drone  
  95  6:09  Drone x3  
  99  6:13  Drone, Evolution Chamber  
  99  6:14  Drone  
  99  6:15  Drone x2  
  99  6:16  Drone x2  
  99  6:18  Evolution Chamber  
  103  6:21  Hatchery  
  102  6:26  Zergling x4  
  102  6:28  Zergling x2  
  102  6:31  Spore Crawler  
  104  6:35  Spore Crawler  
  104  6:38  Overlord  
  104  6:39  Zergling x2  
  104  6:40  Zerg Melee Weapons Level 1  
  104  6:42  Overlord  
  104  6:44  Zerg Ground Armor Level 1  
  104  6:45  Zergling x6  
  107  6:49  Zergling x8  
  107  6:52  Drone  
  112  6:54  Spore Crawler  
  112  6:56  Baneling x9  
  112  6:58  Drone  
  112  7:01  Spore Crawler  
  111  7:02  Zergling x2  
  111  7:06  Zergling x12  
  108  7:12  Zergling x4  
  108  7:13  Zergling x6  
  113  7:16  Baneling x7  
  113  7:22  Zergling x6  
  115  7:27  Baneling x8  
  115  7:28  Zergling x4  
  117  7:31  Overlord  
  113  7:37  Zergling x6  
  113  7:38  Zergling x8  
  113  7:39  Drone  
  118  7:45  Drone  
  118  7:47  Zergling x2  
  120  7:54  Zergling x8  
  120  7:55  Drone  
  124  8:01  Drone x2  
  124  8:03  Drone x3  
  127  8:05  Extractor  
  127  8:07  Overlord, Drone  
  127  8:09  Extractor  
  127  8:12  Hydralisk Den, Hatchery  
  120  8:13  Overlord, Drone x4  
  120  8:16  Drone  
  125  8:21  Zergling x4  
  125  8:22  Zergling x2  
  125  8:23  Drone  
  125  8:24  Drone x2  
  125  8:26  Drone x3  
  131  8:29  Drone  
  131  8:30  Zergling x4  
  131  8:31  Zergling x2  
  131  8:33  Drone x2  
  135  8:35  Drone  
  135  8:39  Spore Crawler  
  135  8:41  Muscular Augments  
  135  8:42  Zerg Melee Weapons Level 2, Zerg Ground Armor Level 2  
  135  8:44  Hydralisk x2  
  135  8:46  Zergling x4  
  140  8:50  Overlord  
  140  8:51  Zergling x6  
  143  9:01  Zergling x6  
  146  9:06  Extractor, Hydralisk x3  
  146  9:09  Overlord  
  150  9:10  Hydralisk x4  
  150  9:16  Zergling x14  
  163  9:19  Overlord  
  163  9:22  Drone x3  
  163  9:25  Overlord  
  163  9:28  Drone x3  
  165  9:32  Infestation Pit  
  165  9:35  Drone x3  
  165  9:38  Zergling x8  
  170  9:41  Zergling x10  
  170  9:42  Baneling  
  170  9:43  Baneling x3  
  174  9:47  Zergling x2  
  174  9:49  Drone x2  
  174  9:52  Hydralisk x3  
  177  9:53  Grooved Spines, Spore Crawler  
  177  9:58  Zergling x6  
  185  10:03  Overlord  
  185  10:05  Pneumatized Carapace  
  185  10:06  Overseer x2  
  185  10:08  Drone x2  
  185  10:09  Hive  
  185  10:10  Drone x3  
  185  10:11  Extractor, Drone  
  185  10:14  Spire  
  188  10:17  Zergling x10  
  193  10:22  Zergling x12  
  193  10:28  Zergling x8  
  193  10:34  Overlord  
  193  10:37  Zergling x4  
  193  10:38  Zergling x8  
  193  10:39  Baneling x6  
  193  10:41  Hatchery  
  197  10:52  Zergling x2  
  197  10:53  Zergling x6  
  197  10:56  Zergling x8  
  199  10:57  Baneling x7  
  199  10:58  Baneling x9  
  199  11:04  Baneling x15  
  199  11:05  Extractor  
  199  11:11  Extractor, Drone x3  
  198  11:15  Zergling x2  
  181  11:26  Zergling x32  
  181  11:27  Hatchery, Zergling x8  
  181  11:32  Greater Spire  
  193  11:48  Zerg Missile Weapons Level 1  
  193  11:49  Zerg Ground Armor Level 3  
  193  11:52  Zergling x14  
  198  11:57  Spine Crawler  
  198  11:58  Spine Crawler  
  195  12:03  Drone x3  
  195  12:15  Corruptor x9  
  165  12:19  Zergling x14  
  187  12:25  Viper x2  
  179  12:39  Drone  
  170  12:56  Brood Lord x9  
  187  13:00  Hydralisk  
  187  13:01  Zergling x26  
  187  13:02  Zergling x2  
  188  13:06  Zergling x8  
  188  13:09  Zergling x10  
  188  13:12  Zergling x6  
  200  13:13  Overseer  
  200  13:21  Baneling x20  
  200  13:22  Baneling x3  
  200  13:24  Baneling x5  
  200  13:25  Baneling  
  199  13:31  Baneling x10  
  199  13:32  Baneling  
  185  13:48  Hydralisk  
  185  13:49  Zergling x34  
  185  13:51  Zergling x8  
  199  13:59  Zergling x8  
  199  14:11  Hydralisk  
  199  14:12  Zergling x22  
  194  14:20  Zergling x16  
  193  14:27  Hydralisk  
  193  14:28  Zergling x22  
  193  14:30  Baneling  
  193  14:31  Baneling x7  
  195  14:35  Baneling x2  
  195  14:37  Baneling x14  
  195  14:38  Zergling x10  
  200  14:43  Baneling x15  
  200  14:52  Baneling  
  200  14:53  Baneling  
  200  14:54  Baneling x14  
  199  15:11  Zergling x2  
  197  15:18  Zergling x12  
  197  15:19  Zergling x22  
  197  15:24  Zergling x6  
  197  15:25  Zergling x4  
  197  15:26  Zergling x12  
  194  15:30  Zergling x20  
  194  15:33  Zergling x2  
  183  15:36  Zergling x2  
  183  15:37  Zergling x6  
  183  15:39  Hydralisk, Zergling x2  
  183  15:40  Zergling x8  
  177  15:43  Hydralisk  
  177  15:44  Hydralisk x2, Zergling x2  
  177  15:45  Zergling x10  
  177  15:46  Zergling x4  
  177  15:47  Drone, Zergling x2  
  188  15:51  Zergling x10  
  188  15:53  Zergling x4  
  188  15:54  Hydralisk  
  188  15:55  Zergling x2  
  191  16:01  Hydralisk, Zergling x2  
  191  16:02  Zergling x4  
  179  16:04  Drone  
  179  16:05  Drone x2  
  179  16:06  Baneling x6  
  179  16:07  Baneling x12  
  179  16:09  Overseer  
  179  16:10  Overseer  
  182  16:18  Overseer x2  
  182  16:24  Zergling x6  
  185  16:29  Zergling x10  
  185  16:30  Hatchery  
  185  16:33  Zergling x2  
  185  16:34  Zergling x10  
  185  16:35  Hatchery  
  185  16:38  Burrow  
  181  16:46  Hydralisk  
  181  16:47  Zergling x22  
  181  16:50  Baneling  
  181  16:51  Baneling x8  
  194  17:03  Baneling x6  
  194  17:04  Baneling x4  
  194  17:07  Overseer x2  
  194  17:09  Zergling x10  
  194  17:10  Overseer  
  178  17:16  Hydralisk, Zergling x18  
  178  17:17  Zergling x10  
  163  17:23  Hydralisk  
  163  17:24  Zergling x16  
  171  17:35  Corruptor  
  171  17:36  Corruptor x4  
  181  17:42  Drone, Corruptor  
  181  17:43  Corruptor x2  
  188  18:02  Hatchery  
  173  18:19  Brood Lord x7  
  171  18:20  Hydralisk, Brood Lord, Overseer x2  
  171  18:21  Zergling x16  
  171  18:24  Zergling x4  
  183  18:34  Zergling x16  
  191  18:36  Overseer  
  191  18:37  Overlord  
  191  18:38  Overlord, Hatchery  
  191  18:40  Baneling x11  
  190  18:44  Overlord, Zergling x2  
  190  18:47  Overlord  
  189  18:49  Overlord  
  189  18:50  Baneling x6  
  189  18:59  Zergling x16  
  189  19:00  Zergling x4  
  189  19:02  Baneling x4  
Show
View Real Time Build Order
Export as new Build Order

Cure Terran 

Build Orders:  

Get SALT Encoding   

  12  0:00  SCV  
  13  0:12  SCV  
  14  0:17  Supply Depot  
  14  0:24  SCV  
  15  0:38  SCV  
  15  0:40  Barracks  
  16  0:49  Barracks  
  16  0:51  SCV  
  17  1:03  SCV  
  18  1:15  SCV  
  19  1:26  Marine  
  19  1:27  Orbital Command  
  19  1:30  Supply Depot  
  20  1:36  Marine  
  21  1:44  Marine  
  22  1:54  Marine, SCV  
  23  1:59  Command Center  
  24  2:02  Marine  
  24  2:06  SCV  
  26  2:13  Marine  
  27  2:18  SCV  
  27  2:19  Supply Depot  
  27  2:21  Marine  
  29  2:30  SCV  
  29  2:31  Marine  
  29  2:34  Barracks  
  31  2:38  Bunker  
  31  2:42  Refinery  
  31  2:44  Marine, Refinery  
  31  2:46  SCV  
  31  2:51  Marine  
  34  2:58  SCV  
  35  3:07  Marine  
  35  3:10  SCV  
  35  3:11  Orbital Command  
  37  3:13  Barracks Tech Lab  
  37  3:22  SCV  
  37  3:24  Barracks Reactor  
  38  3:27  Barracks Tech Lab  
  38  3:32  Marine  
  39  3:34  SCV  
  39  3:37  SCV  
  39  3:38  Supply Depot  
  41  3:45  Stimpack  
  41  3:46  Marine, SCV  
  43  3:49  SCV  
  43  3:50  Marine  
  44  3:58  SCV  
  44  4:01  Marine x2, SCV  
  48  4:02  Combat Shield  
  48  4:04  Marine  
  48  4:08  Marine, Supply Depot  
  50  4:10  SCV  
  50  4:13  SCV  
  52  4:19  Marine x2  
  52  4:21  Marine  
  52  4:23  SCV  
  56  4:25  Factory, SCV  
  56  4:26  Marine  
  58  4:33  Supply Depot  
  58  4:35  SCV  
  58  4:38  Marine x2, SCV  
  60  4:39  Marine  
  60  4:41  Engineering Bay  
  60  4:44  Marine  
  64  4:47  SCV  
  64  4:50  SCV  
  63  4:56  Marine x2  
  63  4:57  Marine  
  63  4:59  SCV  
  65  5:01  Marine  
  65  5:02  SCV  
  65  5:04  Refinery  
  67  5:07  Terran Infantry Weapons Level 1  
  67  5:11  Factory Reactor, SCV, Starport  
  68  5:14  Marine x2  
  68  5:15  Marine  
  68  5:16  SCV  
  68  5:19  Marine  
  68  5:20  Supply Depot  
  73  5:23  SCV, Supply Depot  
  75  5:28  SCV  
  75  5:30  Refinery  
  75  5:34  Marine x2  
  75  5:35  SCV  
  78  5:39  Barracks Reactor  
  78  5:42  Marine, SCV  
  80  5:44  Supply Depot  
  80  5:47  SCV  
  73  5:58  Marine x2  
  73  5:59  Marine  
  60  6:05  Medivac x2  
  60  6:09  Siege Tank  
  67  6:13  Command Center  
  67  6:16  Marine x4  
  71  6:19  Marine  
  72  6:28  Barracks  
  72  6:29  Barracks  
  72  6:33  Marine  
  72  6:34  Marine x3  
  72  6:37  Marine  
  72  6:39  SCV  
  78  6:41  Siege Tank  
  81  6:47  Medivac x2  
  81  6:49  SCV  
  81  6:52  SCV  
  81  6:53  Supply Depot  
  87  6:55  Marine x4  
  87  6:57  Marine  
  90  7:08  SCV  
  90  7:09  SCV  
  90  7:11  Terran Infantry Armor Level 1  
  90  7:13  Siege Tank  
  90  7:14  Marine x2  
  90  7:15  Marine x2  
  100  7:16  Barracks Reactor  
  100  7:17  Barracks Reactor  
  100  7:21  SCV x2  
  99  7:25  Marine  
  100  7:32  Marine x4, Medivac x2  
  100  7:33  SCV x2  
  110  7:45  Orbital Command, SCV x2  
  110  7:50  Marine x5  
  110  7:51  Siege Tank  
  120  7:57  Armory  
  120  7:58  Engineering Bay  
  120  8:03  SCV x2  
  120  8:04  Marine x3  
  125  8:09  Supply Depot  
  125  8:17  Supply Depot  
  125  8:18  Supply Depot  
  125  8:23  SCV  
  125  8:30  Marine x2  
  125  8:31  Siege Tank  
  128  8:34  Command Center  
  128  8:35  SCV x3  
  128  8:39  Refinery  
  128  8:40  Refinery  
  131  8:41  Supply Depot  
  131  8:47  Marine x2  
  131  8:48  Marine x4  
  137  8:51  Terran Infantry Weapons Level 2  
  137  8:52  Terran Vehicle Weapons Level 1  
  137  8:55  Factory  
  137  9:07  SCV x3  
  137  9:08  Siege Tank, Terran Infantry Armor Level 2  
  143  9:12  Supply Depot  
  143  9:16  Sensor Tower  
  143  9:19  SCV x2  
  143  9:20  SCV  
  143  9:22  Medivac  
  148  9:35  Medivac  
  148  9:37  Supply Depot  
  150  9:38  SCV  
  150  9:39  SCV x2, Supply Depot  
  150  9:40  Siege Tank  
  150  9:41  Marine x4  
  160  9:53  Factory Tech Lab  
  160  9:59  Barracks x2  
  160  10:01  Barracks  
  160  10:10  SCV x3  
  160  10:12  Siege Tank  
  160  10:13  Planetary Fortress  
  166  10:15  Siege Tank  
  166  10:16  Liberator  
  166  10:18  Marine x8  
  166  10:20  Liberator  
  180  10:31  SCV x3  
  180  10:34  Sensor Tower, Command Center  
  183  10:39  Missile Turret  
  183  10:44  Siege Tank  
  183  10:45  Sensor Tower  
  183  10:47  Barracks Tech Lab  
  183  10:48  Siege Tank, Barracks Tech Lab x2  
  189  10:59  Supply Depot  
  189  11:00  Supply Depot  
  189  11:02  Ghost Academy, Refinery  
  189  11:03  Refinery  
  189  11:05  Terran Vehicle Weapons Level 2  
  189  11:15  Factory  
  179  11:34  Supply Depot  
  179  11:35  Supply Depot  
  179  11:36  Supply Depot x2  
  178  11:48  Command Center  
  178  11:51  Terran Infantry Weapons Level 3  
  178  11:54  Orbital Command  
  178  11:56  Siege Tank x2, Liberator, Command Center  
  178  11:57  Ghost x2  
  178  12:00  Terran Infantry Armor Level 3  
  178  12:25  Factory Tech Lab  
  178  12:26  SCV x3  
  178  12:29  Siege Tank x2, SCV  
  183  12:38  SCV  
  181  12:46  Planetary Fortress  
  181  12:53  Siege Tank  
  181  13:01  Siege Tank x2  
  181  13:03  SCV x4  
  181  13:05  Orbital Command  
  179  13:10  Sensor Tower  
  179  13:11  Orbital Command, Missile Turret  
  179  13:15  Command Center  
  179  13:18  Missile Turret  
  179  13:19  Ghost x2  
  179  13:20  Ghost  
  179  13:24  Refinery  
  179  13:25  Refinery  
  179  13:26  Terran Vehicle Weapons Level 3  
  185  13:27  Missile Turret  
  185  13:38  Thor x2  
  185  13:41  Ghost  
  183  13:52  Ghost x2  
  180  13:59  Marine x2  
  180  14:00  Marine x6  
  180  14:12  Orbital Command  
  180  14:15  Ghost x2  
  164  14:17  Marine x3  
  164  14:20  Ghost  
  165  14:27  Ghost  
  165  14:28  Marine  
  160  14:32  Orbital Command  
  160  14:44  Ghost x2  
  164  14:48  Siege Tank x2  
  164  14:51  Siege Tank  
  164  14:52  Missile Turret  
  173  14:53  Sensor Tower  
  173  14:58  Personal Cloaking, Refinery  
  143  15:24  Ghost x2  
  143  15:25  Marine x4, Marauder  
  143  15:26  Marauder  
  116  15:37  Marine x4  
  116  15:40  Siege Tank x2  
  115  15:43  Marine x2  
  115  15:46  Ghost x2  
  115  15:48  Marine x2  
  119  15:51  Siege Tank  
  119  15:52  Orbital Command  
  119  15:53  Marine x2  
  119  15:55  Marine x4  
  122  16:00  Marine x2  
  124  16:06  Marine x2  
  124  16:11  Marine x2  
  126  16:12  Siege Tank, Marine x2  
  126  16:13  Marine x2  
  126  16:15  Marine  
  136  16:19  Medivac x2  
  136  16:20  Marine  
  136  16:21  Marauder  
  136  16:22  SCV  
  136  16:23  SCV  
  136  16:24  SCV  
  136  16:41  Siege Tank x2  
  136  16:46  SCV x3  
  146  16:47  SCV  
  146  16:48  SCV, Terran Vehicle And Ship Armor Level 1  
  146  16:49  SCV  
  148  16:56  Siege Tank  
  148  16:58  Missile Turret  
  148  17:00  Sensor Tower, Missile Turret  
  152  17:01  SCV  
  152  17:02  SCV  
  152  17:03  Concussive Shells  
  152  17:07  SCV x3  
  156  17:13  Siege Tank  
  149  17:16  Marine x4  
  149  17:17  Marauder x2  
  149  17:22  Medivac x2  
  131  17:31  Marine x2, Ghost x2  
  136  17:37  Refinery  
  136  17:39  Ghost  
  136  17:43  Ghost  
  140  17:44  Marine  
  140  17:59  Ghost x2  
  140  18:05  Viking x2  
  133  18:15  Marine x4  
  133  18:16  Marauder x2  
  115  18:28  SCV x3  
  118  18:36  Ghost  
  120  18:43  Ghost  

Tags
 
Add a new tag
Caveats
  • Supply blocks, unpowered buildings, or Contaminate may cause inaccurate times.
  • Supply counts are checked every 10 seconds.